 Dungeon Crawl Stone Soup version 0.21.1-1-g345015f (webtiles) character file.

11825 robbits the Basher (level 11, -5/101 HPs)
             Began as a Minotaur Fighter on June 1, 2018.
             Was an Initiate of Gozag.
             Killed from afar by an efreet (43 damage)
             ... with a fireball
             ... on level 11 of the Dungeon.
             The game lasted 00:18:17 (10335 turns).

robbits the Basher (Minotaur Fighter)              Turns: 10335, Time: 00:18:18

Health: -5/101     AC: 14    Str: 31    XL:     11   Next: 54%
Magic:  18/18      EV: 13    Int:  9    God:    Gozag
Gold:   1308       SH: 13    Dex: 11    Spells: 10/10 levels left

rFire    . . .     SeeInvis .   O - +10 long sword of the Stork {drain, MP+9 Str+5 Int+4}
rCold    . . .     Gourm    +   c - +0 shield
rNeg     + . .     Faith    .   b - +0 scale mail
rPois    .         Spirit   .   x - +2 hat
rElec    .         Reflect  .   e - +0 cloak
rCorr    .         Harm     .   (no gloves)
MR       .....                  F - +1 pair of boots
Stlth    +.........             z - amulet of the gourmand
HPRegen  0.26/turn              I - +3 ring of strength
MPRegen  0.16/turn              S - ring of positive energy

@: starving
A: retaliatory headbutt, horns 2, repulsion field 1, low mp 1
a: Potion Petition, Call Merchant, Bribe Branch, Renounce Religion


You were on level 11 of the Dungeon.
You worshipped Gozag.
Gozag was most pleased with you.
You were starving.

You visited 1 branch of the dungeon, and saw 11 of its levels.
You also visited: Sewer.

You collected 2347 gold pieces.
You spent 985 gold pieces at shops.
You paid 54 gold pieces to Gozag.

Inventory:

Hand Weapons
 a - a +0 flail
 g - a +3 whip of holy wrath
 C - a +3 shortbow of velocity
 O - the +10 long sword of the Stork (weapon) {drain, MP+9 Str+5 Int+4}
   (You found it on level 7 of the Dungeon)

   A truly terrible weapon, it drains the life of those it strikes.
   It affects your strength (+5).
   It affects your intelligence (+4).
   It affects your magic capacity (+9).
Armour
 b - a +0 scale mail (worn)
 c - a +0 shield (worn)
 e - a +0 cloak (worn)
 x - a +2 hat (worn)
 F - a +1 pair of boots (worn)
Jewellery
 s - an uncursed ring of resist corrosion
 z - an amulet of the gourmand (around neck)
 A - an uncursed ring of stealth
 I - a +3 ring of strength (left hand)
 K - an uncursed ring of fire
 S - a ring of positive energy (right hand)
Wands
 v - a wand of random effects (19)
 D - a wand of polymorph (3)
 G - a wand of flame (53)
 J - a wand of paralysis (13)
 L - a wand of digging (15)
 Q - a wand of disintegration (15)
 T - a wand of acid (13)
Scrolls
 k - 2 scrolls of enchant weapon
 o - 3 scrolls of teleportation
 r - 2 scrolls of blinking
 t - a scroll of amnesia
 w - a scroll of magic mapping
 y - 5 scrolls of remove curse
 M - 5 scrolls of vulnerability
 R - a scroll of enchant armour
Potions
 d - 2 potions of might
 h - 5 potions of lignification
 i - 2 potions of degeneration
 j - a potion of haste {unknown}
 m - 2 potions of brilliance
 p - a potion of agility
 q - 6 potions of curing
 B - 2 potions of flight
 E - 3 potions of heal wounds
 N - a potion of experience {unknown}
 U - a potion of berserk rage {unknown}
Books
 l - a book of Flames

   Spells                             Type                      Level
   a - Flame Tongue                   Conjuration/Fire             1
   b - Throw Flame                    Conjuration/Fire             2
   c - Conjure Flame                  Conjuration/Fire             3
   d - Inner Flame                    Hexes/Fire                   3
   e - Sticky Flame                   Conjuration/Fire             4
   f - Fireball                       Conjuration/Fire             5
 n - a book of Cantrips

   Spells                             Type                      Level
   a - Confusing Touch                Hexes                        1
   b - Animate Skeleton               Necromancy                   1
   c - Summon Small Mammal            Summoning                    1
   d - Apportation                    Translocation                1
 u - Tamanot's Compendium of Bewitchment and Companions
   (You found it on level 4 of the Dungeon)

   Spells                             Type                      Level
   a - Corona                         Hexes                        1
   b - Summon Small Mammal            Summoning                    1
   c - Portal Projectile              Hexes/Translocation          3
   d - Recall                         Summoning/Translocation      3
 H - a book of Maledictions

   Spells                             Type                      Level
   a - Corona                         Hexes                        1
   b - Ensorcelled Hibernation        Hexes/Ice                    2
   c - Confuse                        Hexes                        3
   d - Tukima's Dance                 Hexes                        3
   e - Dazzling Spray                 Conjuration/Hexes            3
 P - a book of Geomancy

   Spells                             Type                      Level
   a - Sandblast                      Earth                        1
   b - Passwall                       Transmutation/Earth          2
   c - Stone Arrow                    Conjuration/Earth            3
   d - Petrify                        Transmutation/Earth          4
   e - Lee's Rapid Deconstruction     Earth                        5
 V - a book of Air

   Spells                             Type                      Level
   a - Shock                          Conjuration/Air              1
   b - Swiftness                      Charms/Air                   2
   c - Static Discharge               Conjuration/Air              3
   d - Airstrike                      Air                          4
   e - Lightning Bolt                 Conjuration/Air              5
Comestibles
 f - 11 rations


   Skills:
 * Level 10.6 Fighting
 * Level 9.0 Long Blades
 - Level 11.0 Maces & Flails
 + Level 8.8 Armour
 + Level 4.0 Dodging
 + Level 3.6 Stealth
 + Level 9.6 Shields
 + Level 0.5 Evocations


You had 10 spell levels left.
You didn't know any spells.

Dungeon Overview and Level Annotations

Branches:
Dungeon (11/15)            Temple (0/1) D:6
   Lair: D:8-11         Orc: D:9-12

Altars:
Fedhas
Gozag
Hepliaklqana
Kikubaaqudgha
Nemelex Xobeh
Qazlal
Wu Jian

Shops:
D:5 %   D:6 }??   D:11 }*!


Innate Abilities, Weirdness & Mutations

You reflexively headbutt those who attack you in melee.
You have a pair of horns on your head.
You are surrounded by a mild repulsion field. (EV +2)
Your magical capacity is low. (-10% MP)


Message History

The fireball explodes!
The fireball engulfs you!
The fireball engulfs the efreet.
The efreet completely resists.
You hear a shout!
You hit the efreet.
The efreet is severely wounded.
The efreet gestures at you.
The fireball explodes!
The fireball engulfs you!
The fireball engulfs the efreet.
The efreet completely resists.
You hit the efreet.
The efreet is severely wounded.
The efreet gestures at you.
The fireball explodes!
The fireball engulfs you!
The fireball engulfs the efreet.
The efreet completely resists.
You hear a shout!
You hit the efreet but do no damage. Your headbutt misses the efreet.
The efreet is severely wounded.
The efreet gestures at you.
The fireball explodes!
The fireball engulfs you!
You die...
Your body crumbles into a pile of gold.

.... ##.#.## #.#.##
...... ....####.#.##
# #.......#... #.##
######.#......##
#.#. .##.......#
#.##
...#.##.......###.##
#.$R##.......#.....
#@# #...........##
####.#
#.......###.##
#....# #...∩...#
#... #)####
#.......###.#. #.#
########...... #)#
######. #.#
######### #. #.#
#.......# #. #.#
#.##.##.#######.


You could see an efreet.

Vanquished Creatures
  A hydra (D:11)
  3 two-headed ogres
  An unseen horror (D:10)
  An ugly thing (D:11)
  A cyclops (D:11)
  A gargoyle (D:10)
  A troll (D:9)
  A hornet (D:11)
  A hippogriff (D:11)
  The ghost of Fang the Chopper, an amateur GrBe of Trog (D:4)
  A vampire (D:10)
  A wyvern (D:11)
  7 yaks
  A wraith (D:11)
  Eustachio (D:6)
  3 hungry ghosts
  A basilisk (D:11)
  A water moccasin (D:8)
  6 orc warriors
  A sky beast (D:5)
  An ice beast (D:11)
  A necrophage (D:9)
  7 ogres
  An eye of draining (D:10)
  5 centaurs
  2 big kobolds
  3 bullfrogs
  5 scorpions
  6 killer bees (D:10)
  3 wights (D:9)
  7 howler monkeys
  A bullfrog zombie (D:5)
  A centaur zombie (D:8)
  6 crimson imps
  3 hounds
  3 orc priests
  7 jellies
  3 bullfrog skeletons
  4 iguanas
  5 orc wizards
  4 worker ants
  2 worker ant zombies
  3 gnolls (D:3)
  2 howler monkey skeletons
  11 adders
  7 oozes
  2 worms
  A dart slug (D:4)
  12 leopard geckos
  41 orcs
  4 ball pythons
  10 giant cockroaches
  10 goblins
  13 hobgoblins
  8 jackals
  14 kobolds
  6 quokkas
  A ball python zombie (D:6)
  6 bats
  9 frilled lizards
  A leopard gecko zombie (D:7)
  6 rats (D:1)
282 creatures vanquished.

Vanquished Creatures (others)
  2 orcs (D:11)
2 creatures vanquished.

Grand Total: 284 creatures vanquished

Notes
Turn   | Place    | Note
-------+----------+-------------------------------------------
     0 | D:1      | robbits the Minotaur Fighter began the quest for the Orb.
     0 | D:1      | Reached XP level 1. HP: 19/19 MP: 0/0
   119 | D:1      | Reached XP level 2. HP: 22/27 MP: 1/1
   389 | D:1      | Reached XP level 3. HP: 33/33 MP: 2/2
   847 | D:2      | Found a faded altar of an unknown god.
   919 | D:2      | Found a stormy altar of Qazlal.
  1603 | D:3      | Reached skill level 3 in Maces & Flails
  1833 | D:3      | Reached XP level 4. HP: 29/40 MP: 3/3
  1864 | D:3      | Found an opulent altar of Gozag.
  1917 | D:3      | Became a worshipper of Gozag Ym Sagoz the Greedy
  2301 | D:4      | Reached skill level 5 in Shields
  2301 | D:4      | Reached XP level 5. HP: 46/47 MP: 4/4
  2327 | D:4      | Noticed an ogre
  2344 | D:4      | Killed an ogre
  2344 | D:4      | Reached skill level 4 in Maces & Flails
  2344 | D:4      | Reached skill level 1 in Dodging
  2344 | D:4      | Reached XP level 6. HP: 31/53 MP: 5/5
  2511 | D:4      | Reached skill level 5 in Maces & Flails
  2585 | D:4      | Identified Tamanot's Compendium of Bewitchment and Companions
  2610 | D:4      | Reached skill level 5 in Fighting
  2784 | D:4      | Found an ancient bone altar of Kikubaaqudgha.
  2790 | D:4      | Found a blossoming altar of Fedhas.
  2813 | D:4      | Noticed Fang's ghost (amateur GrBe)
  2826 | D:4      | Killed Fang's ghost
  2826 | D:4      | Reached skill level 6 in Maces & Flails
  2826 | D:4      | Reached skill level 5 in Armour
  2826 | D:4      | Reached XP level 7. HP: 43/61 MP: 6/6
  2834 | D:4      | Found an ornate altar of the Wu Jian Council.
  3110 | D:5      | Entered Level 5 of the Dungeon
  3131 | D:5      | Found a sparkling altar of Nemelex Xobeh.
  3248 | D:5      | Reached skill level 7 in Maces & Flails
  3275 | D:5      | Reached XP level 8. HP: 54/70 MP: 7/7
  3309 | D:5      | Reached skill level 1 in Stealth
  3392 | D:5      | Found Fedar's Food Shoppe.
  3533 | D:6      | Found Femecau's Magic Scroll Shoppe.
  3536 | D:6      | Found a staircase to the Ecumenical Temple.
  3629 | D:6      | Reached skill level 8 in Maces & Flails
  3879 | D:6      | Found Silostre's Magic Scroll Shop.
  3957 | D:6      | Found a glowing drain.
  3987 | Sewer    | Entered a sewer
  4273 | D:6      | Bought a scroll of teleportation for 30 gold pieces
  4273 | D:6      | Bought a scroll of identify for 20 gold pieces
  4273 | D:6      | Bought a scroll of identify for 20 gold pieces
  4273 | D:6      | Bought a scroll of identify for 20 gold pieces
  4436 | D:6      | Found Josol's Gadget Emporium.
  4455 | D:6      | Noticed Eustachio
  4466 | D:6      | Killed Eustachio
  4466 | D:6      | Reached skill level 9 in Maces & Flails
  4466 | D:6      | Reached XP level 9. HP: 79/79 MP: 8/8
  6006 | D:8      | Noticed a two-headed ogre
  6020 | D:8      | Killed a two-headed ogre
  6020 | D:8      | Reached skill level 10 in Maces & Flails
  6184 | D:8      | Found a hazy altar of Hepliaklqana.
  6595 | D:9      | Noticed a two-headed ogre
  6609 | D:9      | Killed a two-headed ogre
  6609 | D:9      | Reached XP level 10. HP: 13/90 MP: 9/9
  6956 | D:9      | Reached skill level 11 in Maces & Flails
  7064 | D:7      | Got a brightly glowing long sword
  7065 | D:7      | Identified the +10 long sword of the Stork {drain, MP+9 Str+5 Int+4} (You found it on level 7 of the Dungeon)
  7166 | D:9      | Reached skill level 1 in Long Blades
  7916 | D:10     | Entered Level 10 of the Dungeon
  7916 | D:10     | Noticed a gargoyle
  7930 | D:10     | Killed a gargoyle
  8294 | D:10     | Reached skill level 5 in Long Blades
  8519 | D:10     | Noticed a two-headed ogre
  8526 | D:10     | Killed a two-headed ogre
  8715 | D:10     | Reached XP level 11. HP: 66/99 MP: 10/10
  9139 | D:10     | Killed an unseen horror
  9468 | D:11     | Reached skill level 10 in Fighting
  9492 | D:11     | Noticed a six-headed hydra
  9507 | D:11     | Killed a seven-headed hydra
  9867 | D:11     | Got a bloodstained great sword
  9868 | D:11     | Identified the +8 great sword "Doarrig" {slice, MR+ Str+6 Int-4} (You found it on level 11 of the Dungeon)
  9871 | D:11     | Gained mutation: You are somewhat resistant to further mutation. [potion of mutation]
  9878 | D:11     | Lost mutation: You are somewhat resistant to further mutation. [potion of mutation]
  9878 | D:11     | Gained mutation: Your magical capacity is low. (-10% MP) [potion of mutation]
  9878 | D:11     | Gained mutation: You are surrounded by a mild repulsion field. (EV +2) [potion of mutation]
  9905 | D:11     | Found Nusedo Othrul's Assorted Antiques.
  9910 | D:11     | Noticed a brown ugly thing
  9930 | D:11     | Killed a brown ugly thing
 10138 | D:11     | Got a warped quarterstaff {freeze}
 10164 | D:11     | Identified the +8 quarterstaff "Enufoxuv" {freeze, rElec rC+} (You took it off an orc on level 11 of the Dungeon)
 10175 | D:11     | Bought a potion of heal wounds for 150 gold pieces
 10175 | D:11     | Bought a potion of heal wounds for 150 gold pieces
 10175 | D:11     | Bought a pair of runed boots for 225 gold pieces
 10203 | D:11     | Found Ugeneal's Distillery.
 10206 | D:11     | Bought a potion of curing for 42 gold pieces
 10206 | D:11     | Bought a potion of curing for 42 gold pieces
 10256 | D:11     | Found Nenkuwn's Gadget Boutique.
 10267 | D:11     | Bought a wand of acid (7) for 286 gold pieces
 10335 | D:11     | Killed from afar by an efreet

Skill      XL: |  1  2  3  4  5  6  7  8  9 10 11 |
---------------+----------------------------------+-----
Shields        | 4 5 6 7 8 9 |  9.6
Armour         | 4 5 6 7 8 |  8.8
Fighting       | 4 5 7 8 9 10 | 10.6
Maces & Flails | 3 4 6 7 9 10 11 | 11.0
Dodging        | 1 2 3 4 |  4.0
Stealth        | 1 2 3 |  3.6
Long Blades    | 6 9 |  9.0
Evocations     | |  0.5

Action                   |  1- 3 |  4- 6 |  7- 9 | 10-12 || total
-------------------------+-------+-------+-------+-------++-------
Melee: Flail             |    64 |       |       |       ||    64
       Headbutt          |    22 |    20 |    84 |    59 ||   185
       Whip              |    52 |   117 |   368 |    47 ||   584
       Long sword        |       |       |       |   217 ||   217
Evoke: Wand              |       |       |       |     7 ||     7
  Use: Scroll            |     2 |     1 |    11 |     6 ||    20
       Potion            |       |       |       |     4 ||     4
 Stab: Distracted        |       |       |     2 |     2 ||     4
       Sleeping          |       |       |     4 |     2 ||     6
  Eat: Chunk             |     3 |       |       |       ||     3
       Ration            |       |     1 |     4 |     3 ||     8
Armor: Scale mail        |    63 |    34 |    77 |    79 ||   253
Dodge: Dodged            |    43 |    34 |    77 |    91 ||   245
Block: Shield            |    60 |    52 |   143 |   144 ||   399
       Rpst.: Long sword |       |       |       |    20 ||    20
